 Dungeon Crawl Stone Soup version 0.28-a0-723-g095bd1b44f (webtiles) character file.

Game seed: 15134048482314307120

1266 KoroneIsBestGirl the Chiller (level 8, 0/52 HPs)
             Began as a Barachi Ice Elementalist on Oct 25, 2021.
             Was an Initiate of Gozag.
             Succumbed to a scorpion's poison
             ... on level 6 of the Dungeon.
             The game lasted 00:09:43 (7108 turns).

KoroneIsBestGirl the Chiller (BaIE)                 Turns: 7108, Time: 00:09:43

Health: 0/52       AC:  4    Str: 12    XL:     8   Next: 52%
Magic:  13/16      EV: 14    Int: 18    God:    Gozag
Gold:   176        SH:  0    Dex: 12    Spells: 13/18 levels left

rFire   + . .      SeeInvis .   a - +1 short sword (protect)
rCold   + . .      Faith    .   (no shield)
rNeg    . . .      Spirit   .   u - +1 robe of Ungocu {rElec Str+2}
rPois   +          Reflect  .   (no helmet)
rElec   +          Harm     .   (no cloak)
rCorr   +          Rampage  .   (no gloves)
Will    +....                   v - +0 pair of boots
Stlth   ++........              (no amulet)
HPRegen 0.17/turn               e - ring of willpower
MPRegen 0.15/turn               (no ring)

@: lethally poisoned (0 -> -5), resistant, unable to hop, slow
A: amphibious, slowness 1, strong legs 1, +LOS
a: Hop, Renounce Religion, Potion Petition, Call Merchant, Bribe Branch


You were on level 6 of the Dungeon.
You worshipped Gozag.
Gozag was aware of your devotion.
You visited 1 branch of the dungeon, and saw 7 of its levels.

You collected 248 gold pieces.
You paid 72 gold pieces to Gozag.

Inventory:

Hand Weapons
 a - a +1 short sword of protection (weapon)
 m - a +2 vampiric dagger
Armour
 u - the +1 robe of Ungocu (worn) {rElec Str+2}
   (You found it on level 5 of the Dungeon)

   Str:       It affects your strength (+2).
   rElec:     It insulates you from electricity.
 v - a +0 pair of boots (worn)
 w - a +1 ring mail of fire resistance
Jewellery
 e - a ring of willpower (left hand)
Wands
 h - a wand of polymorph (10)
 i - a wand of flame (26)
Scrolls
 b - 2 scrolls of teleportation {unknown}
 d - 3 scrolls of identify {unknown}
 f - a scroll of acquirement {unknown}
 l - a scroll of enchant armour {unknown}
 p - a scroll of vulnerability {unknown}
 r - a scroll of amnesia {unknown}
 s - a scroll of fog {unknown}
Potions
 n - a potion of heal wounds {unknown}
 o - a potion of might {unknown}
 t - a potion of degeneration {unknown}


   Skills:
 * Level 0.0 Armour
 - Level 6.0 Dodging
 - Level 1.7 Stealth
 + Level 5.5 Spellcasting
 + Level 4.8 Conjurations
 + Level 7.8 Ice Magic


You had 13 spell levels left.
You knew the following spells:

 Your Spells              Type           Power      Damage    Failure   Level
a - Freeze                Ice            100%       1d11      1%          1
b - Frozen Ramparts       Ice            66%        1d8       1%          3
c - Foxfire               Conj/Fire      52%        2x1d6     4%          1

Your spell library contained the following spells:

 Spells                   Type           Power      Damage    Failure   Level
 Ozocubu's Armour         Ice            33%        N/A       1%          3
 Ensorcelled Hibernation  Hex/Ice        38%        N/A       3%          2
 Hailstorm                Conj/Ice       27%        3d7       10%         4
 Conjure Flame            Conj/Fire      13%        6-21      14%         3
 Inner Flame              Hex/Fire       4%         N/A       36%         3
 Tukima's Dance           Hex            4%         N/A       36%         3
 Flame Wave               Conj/Fire      13%        3d5       43%         4
 Cause Fear               Hex            2%         N/A       77%         4
 Discord                  Hex            2%         N/A       100%        8


Dungeon Overview and Level Annotations

Branches:
Dungeon (7/15)
 Temple: D:4-7

Altars:
Cheibriados
Gozag
Hepliaklqana
Makhleb
Okawaru
Uskayaw
Wu Jian
Zin
The Shining One


Innate Abilities, Weirdness & Mutations

You are amphibious.
You cover ground slowly.
You can hop short distances.
You have an extended range of vision and can be seen from far away.


Message History

The scorpion stings you.
* * * LOW HITPOINT WARNING * * *
You climb upwards.
* * * LOW HITPOINT WARNING * * *
You feel very sick.
There is a stone staircase leading down here.
Unknown command.
Okay, then.
Hop to where?
Press: ? - help, Dir - move target
Okay, then.
You feel better. The scorpion stings you.
* * * LOW HITPOINT WARNING * * *
You are lethally poisoned!
The scorpion poisons you!
Okay, then.
Hop to where?
Press: ? - help, Dir - move target Boing!
* * * LOW HITPOINT WARNING * * *
You feel very sick.
Casting: Freeze (safe; 1% risk of failure)
Confirm with . or Enter, or press ? or * to list all spells.
Casting: Frozen Ramparts (safe; 1% risk of failure)
Press: ? - help, Dir - look around, f - activate
Okay, then.
Okay, then.
You feel yourself speed up.
* * * LOW HITPOINT WARNING * * *
You feel sick.
It was a potion of cancellation.
Your magical effects are unravelling.
You feel magically purged.
You feel yourself slow down.
* * * LOW HITPOINT WARNING * * *
You feel sick. The scorpion closely misses you.
It was a potion of resistance.
You feel protected.
You die...
Your body crumbles into a pile of gold.

#....# ####.....<.# #.
####.# ######### #. #.#
######### #. #.#
#<......# #. #.#
#.......# #. #.#
#.......# ##. #.#
#....<..# ##..
######.####.).....# #...
#.......@##.......# #._.
#.#.##.s.##.......# #...
#.#.##...##......## #.##
#.#..°...##......## #.#
#.#.)#............# #.#
#.#..#.........#..# #.#
#..........(.####.####.#
####.####.#### ###....#
#.# ### ######


You could see a scorpion.

Vanquished Creatures
  Sigmund (D:2)
  Duvessa (D:6)
  A water moccasin (D:5)
  A sky beast (D:5)
  2 scorpions
  Dowan (D:6)
  A howler monkey (D:6)
  A centaur zombie (D:4)
  3 hounds
  An orc priest (D:3)
  A jelly (D:5)
  Natasha (thrice) (D:4)
  2 iguanas
  2 hound skeletons (D:4)
  7 gnolls
  8 adders
  A worm (D:5)
  5 dart slugs
  9 orcs
  4 bats
  10 endoplasms
  4 giant cockroaches
  8 goblins
  10 hobgoblins
  4 jackals (D:2)
  7 kobolds
  3 quokkas
  6 ball pythons
  6 frilled lizards
  4 rats
117 creatures vanquished.

Vanquished Creatures (others)
  7 foxfires
7 creatures vanquished.

Grand Total: 124 creatures vanquished

Notes
Turn   | Place    | Note
-------+----------+-------------------------------------------
     0 | D:1      | KoroneIsBestGirl the Barachi Ice Elementalist began the
                  | quest for the Orb.
     0 | D:1      | Reached XP level 1. HP: 13/13 MP: 3/3
    86 | D:1      | Reached skill level 5 in Ice Magic
   102 | D:1      | Reached XP level 2. HP: 6/19 MP: 0/5
   573 | D:1      | Found a faded altar of an unknown god.
   614 | D:1      | Reached XP level 3. HP: 9/24 MP: 1/7
   799 | D:1      | Learned a level 3 spell: Frozen Ramparts
  1349 | D:2      | Noticed Sigmund
  1799 | D:2      | Killed Sigmund
  1800 | D:2      | Reached skill level 6 in Ice Magic
  1800 | D:2      | Reached XP level 4. HP: 22/30 MP: 0/9
  1800 | D:2      | Reached XP level 5. HP: 26/35 MP: 0/10
  2354 | D:2      | Learned a level 1 spell: Foxfire
  2447 | D:2      | Reached XP level 6. HP: 40/41 MP: 6/11
  3077 | D:3      | Reached skill level 1 in Conjurations
  3299 | D:3      | Found a hazy altar of Hepliaklqana.
  3543 | D:3      | Found a glowing golden altar of the Shining One.
  3633 | D:3      | Became a worshipper of the Shining One
  4272 | D:4      | Found an ornate altar of the Wu Jian Council.
  4393 | D:4      | Found a hide-covered altar of Uskayaw.
  4444 | D:4      | Reached XP level 7. HP: 43/46 MP: 6/13
  4502 | D:4      | Noticed Natasha
  4513 | D:4      | Killed Natasha
  4930 | D:4      | Noticed Natasha
  4943 | D:4      | Killed Natasha
  5226 | D:4      | Noticed Natasha
  5232 | D:4      | Killed Natasha
  5445 | D:4      | Found a glowing silver altar of Zin.
  5466 | D:4      | Reached skill level 5 in Dodging
  5466 | D:4      | Reached skill level 7 in Ice Magic
  5838 | D:5      | Entered Level 5 of the Dungeon
  5915 | D:5      | Reached * piety under the Shining One
  5927 | D:5      | Reached XP level 8. HP: 23/52 MP: 10/15
  6161 | D:5      | Found an iron altar of Okawaru.
  6176 | D:5      | Reached skill level 5 in Spellcasting
  6249 | D:5      | Identified the +1 robe of Ungocu {rElec Str+2}
  6321 | D:5      | Found a burning altar of Makhleb.
  6426 | D:5      | Found a snail-covered altar of Cheibriados.
  6715 | D:6      | Noticed Duvessa
  6716 | D:6      | Noticed Dowan
  6723 | D:6      | Killed Duvessa
  6725 | D:6      | Killed Dowan
  6835 | D:6      | Found an opulent altar of Gozag.
  6855 | D:6      | Fell from the grace of the Shining One
  6855 | D:6      | Became a worshipper of Gozag Ym Sagoz the Greedy
  7106 | D:6      | HP: 2/52 [poisoned by a scorpion]
  7108 | D:6      | Succumbed to a scorpion's poison

Illustrated notes

Levels and vault maps discovered:
D:1:      saegor_arrival_simple_a, layout_loops_ring,
          chequers_ecumenical_altar_island, bh_walls_and_bars
D:2:      minmay_general_purpose_star, layout_basic, nrook_loot_triangle,
          uniq_sigmund
D:3:      layout_basic, marbit_many_paths, tso_metal_star, minmay_ruptured
D:4:      layout_gridville, kennysheep_little_box,
          mainiacjoe_overflow_boulevard, nicolae_uskayaw_suspiria,
          kennysheep_boxes, uniq_natasha
D:5:      layout_layer_cave, okawaru_gym_becter, slow_altar_1, kennysheep_mini,
          kennysheep_generic_room_4
D:6:      kennysheep_steamy, layout_loops_cross, nicolae_gozag_seed_capital,
          uniq_duvessa
D:7:      layout_layer_cave, temple_garden, minmay_starry_boxes

Skill      XL: |  1  2  3  4  5  6  7  8 |
---------------+-------------------------+-----
Ice Magic      | 5 6 7 |  7.8
Dodging        | 4 5 6 |  6.0
Spellcasting   | 3 4 5 |  5.5
Conjurations   | 2 4 |  4.8
Stealth        | |  1.7

Action                   |  1- 3 |  4- 6 |  7- 9 || total
-------------------------+-------+-------+-------++-------
Melee: Short sword       |    17 |    11 |    30 ||    58
       Unarmed           |     2 |       |       ||     2
       Dagger            |       |     3 |       ||     3
 Cast: Freeze            |    40 |    68 |    71 ||   179
       Frozen Ramparts   |     1 |     7 |     6 ||    14
       Foxfire           |       |     5 |       ||     5
 Abil: Hop               |     1 |     1 |     3 ||     5
  Use: Potion            |       |       |     4 ||     4
Armor: Robe              |     6 |     8 |    28 ||    42
Dodge: Dodged            |    27 |    63 |    89 ||   179

Table legend: (Time is in decaauts)
 A = Elapsed time spent in this place.
 B = Non-inter-level travel time spent in this place.
 C = Inter-level travel time spent in this place.
 D = Time resting spent in this place.
 E = Time spent auto-exploring this place.
 F = Levels seen in this place.
 G = Mean time per level.
                   A        B        C        D        E       F      G
               +--------+--------+--------+--------+--------+-----+--------+
         Total |   7732 |   7293 |    439 |    732 |   5658 |   7 | 1104.6 |
       Dungeon |   7732 |   7293 |    439 |    732 |   5658 |   7 | 1104.6 |
               +--------+--------+--------+--------+--------+-----+--------+

Top non-repeatable levels by time:
     D:1: 1775 daAuts
     D:4: 1680 daAuts
     D:3: 1525 daAuts
     D:2: 1341 daAuts
     D:5: 1035 daAuts
     D:6: 360 daAuts
     D:7: 13 daAuts
